Map: Oxide LE

Players

PureLegacy

  • Race: Terran Terran

TriGGeR - Winner!

  • Race: Protoss Protoss

Event: DreamHack SC2 Masters 2021 Winter

VOD

Have the link to the VOD?

Description

Time

  • Played on: Oct. 8, 2021, 4:52 p.m.
  • Length: 6:12

All games in this series

Show
View Real Time Build Order
Export as new Build Order

PureLegacy Terran 

Build Orders: Reaper Expand 

Get SALT Encoding   

  12  0:02  SCV  
  13  0:14  SCV  
  14  0:18  Supply Depot  
  14  0:26  SCV  
  15  0:39  SCV  
  15  0:41  Barracks  
  16  0:44  Refinery  
  16  0:51  SCV  
  17  1:04  SCV  
  18  1:16  SCV  
  19  1:28  Reaper, Orbital Command  
  20  1:39  Command Center  
  20  1:48  Bunker  
  20  1:54  Supply Depot  
  20  1:56  SCV  
  20  2:00  Marine  
  22  2:11  Factory  
  22  2:12  SCV  
  23  2:21  Refinery  
  23  2:22  Barracks Reactor  
  23  2:24  SCV  
  24  2:36  SCV  
  25  2:48  SCV  
  26  2:53  Orbital Command  
  26  2:56  Starport  
  26  3:00  SCV  
  26  3:03  Hellion x2  
  31  3:13  SCV, Barracks Tech Lab  
  31  3:19  SCV  
  33  3:24  Hellion x2, Supply Depot  
  37  3:28  SCV  
  37  3:31  SCV  
  39  3:37  Raven  
  39  3:40  SCV  
  42  3:43  SCV  
  43  3:49  Supply Depot, Marine x2  
  43  3:52  SCV  
  46  3:56  SCV, Factory Tech Lab  
  47  4:02  Barracks  
  47  4:03  Barracks  
  47  4:04  SCV  
  47  4:08  SCV  
  49  4:16  SCV  
  47  4:21  Marine x2  
  47  4:22  Siege Tank  
  47  4:23  SCV  
  47  4:26  Engineering Bay  
  47  4:27  Bunker  
  47  4:29  SCV  
  48  4:33  Refinery  
  48  4:35  SCV  
  49  4:40  Barracks  
  49  4:41  SCV, Barracks  
  50  4:48  SCV  
  51  4:54  Siege Tank, Marine x2  
  51  4:56  Supply Depot, Marine  
  57  5:01  Marine  
  55  5:14  Marine x2  
  54  5:15  SCV  
  54  5:16  SCV  
  54  5:18  Marine  
  54  5:21  Starport Reactor  
  58  5:26  Siege Tank  
  57  5:34  SCV, Marine  
  56  5:38  Marine x2  
  55  5:48  Marine  
  52  5:50  Marine  
  52  5:51  Marauder  
  52  5:54  SCV  
Show
View Real Time Build Order
Export as new Build Order

TriGGeR Protoss - Winner!

Build Orders: 1 Gate Expand, Blink Stalkers 

Get SALT Encoding   

  12  0:00  Probe  
  13  0:12  Probe  
  14  0:17  Pylon  
  14  0:24  Probe (Chrono Boost)  
  16  0:35  Gateway  
  16  0:37  Probe (Chrono Boost)  
  16  0:42  Probe (Chrono Boost)  
  16  0:45  Assimilator  
  17  0:51  Probe  
  18  1:03  Probe  
  19  1:15  Probe  
  20  1:20  Nexus  
  20  1:31  Cybernetics Core  
  20  1:35  Probe  
  21  1:40  Pylon  
  21  1:45  Assimilator  
  21  1:48  Probe  
  22  2:00  Probe  
  23  2:04  Stalker (Chrono Boost)  
  23  2:07  Warp Gate  
  25  2:12  Probe  
  26  2:23  Twilight Council  
  26  2:26  Probe (Chrono Boost)  
  27  2:32  Stalker  
  27  2:33  Probe (Chrono Boost)  
  31  2:42  Probe x2 (Chrono Boost)  
  32  2:47  Probe (Chrono Boost)  
  32  2:49  Probe  
  34  2:56  Gateway  
  34  2:57  Blink (Chrono Boost)  
  34  2:59  Probe  
  34  3:03  Probe  
  36  3:11  Probe  
  37  3:15  Probe  
  37  3:17  Robotics Facility  
  38  3:23  Probe  
  38  3:26  Pylon  
  39  3:27  Probe  
  39  3:32  Gateway  
  40  3:35  Probe  
  40  3:36  Gateway  
  41  3:43  Assimilator, Probe  
  41  3:48  Probe  
  43  3:56  Stalker x2  
  43  3:59  Pylon  
  43  4:01  Warp Prism (Chrono Boost)  
  47  4:07  Probe  
  47  4:08  Probe  
  47  4:23  Probe x2  
  47  4:24  Stalker x2  
  48  4:29  Stalker  
  48  4:30  Observer  
  53  4:36  Stalker  
  55  4:39  Pylon  
  57  4:48  Stalker x2  
  59  4:54  Stalker  
  59  4:55  Probe  
  59  4:57  Probe  
  59  5:14  Probe  
  59  5:16  Stalker x2, Zealot  
  59  5:21  Stalker  
  68  5:23  Probe  
  68  5:28  Probe  
  68  5:37  Probe  
  68  5:39  Pylon  
  68  5:40  Assimilator, Probe  
  64  5:53  Stalker x3  
  70  5:57  Probe  
  70  5:58  Probe  

Tags
 
Add a new tag
Caveats
  • Supply blocks, unpowered buildings, or Contaminate may cause inaccurate times.
  • Supply counts are checked every 10 seconds.